Wild vs Capitals

Created - February 13 2012 at 18:52

Goals
1 2 3 T
Wild 2 1 1 4
Capitals 2 1 2 5
Shots
1 2 3 T
Wild 19 4 14 37
Capitals 6 13 8 27

Period #1

1. Wild , Ryan Getzlaf 32 (Brian Gionta, Joni Pitkanen) at 0:24
2. Capitals , Trent Hunter 3 (Jeff Halpern, Marc Methot) at 1:34
3. Capitals , Steve Eminger 3 (Alexander Ovechkin, Alexei Kovalev) at 7:37
4. Wild , Brian Gionta 24 (Tom Gilbert, Michael Ryder) at 10:42 (PP)

Penalties :
Tom Gilbert (MIN) for Slashing (Minor) at 4:57, Matt Stajan (WSH) for Holding (Minor) at 8:46, Alexander Ovechkin (WSH) for Tripping (Minor) at 11:11

Period #2

5. Wild , Saku Koivu 14 (Colin White, Alexei Ponikarovsky) at 10:01
6. Capitals , Alexander Semin 39 (David Desharnais) at 18:56

Penalties :
Milan Michalek (MIN) for Slashing (Minor) at 0:22, Marc Methot (WSH) for Slashing (Minor) at 2:44, Alexander Ovechkin (WSH) for Hooking (Minor) at 7:38

Period #3

7. Capitals , Alexander Semin 40 (Tomas Fleischmann, Willie Mitchell) at 1:08
8. Wild , Kristian Huselius 22 (Bobby Ryan, Radek Martinek) at 4:33 (PP)
9. Capitals , Taylor Hall 22 (Ryan McDonagh) at 18:53

Penalties :
Marc Methot (WSH) for Holding (Minor) at 1:40, Ryane Clowe (WSH) for Hooking (Minor) at 2:42, Ryan McDonagh (WSH) for High sticking (Minor) at 8:13, Ryan Getzlaf (MIN) for Holding (Minor) at 12:35

Goalie Stats

Miikka Kiprusoff (MIN), 16 saves from 20 shots - (0.800), 41:08 minutes
Pascal Leclaire (MIN), 6 saves from 7 shots - (0.857), L, 0-7-0, 18:39 minutes
James Reimer (WSH), 12 saves from 12 shots - (1.000), W, 1-1-0, 15:27 minutes
Jimmy Howard (WSH), 21 saves from 25 shots - (0.840), 44:33 minutes

Players Stats

Wild
Player Name              G  A  P  +/- PIM S  H  SB FO    MP 
------------------------------------------------------------
Alexei Ponikarovsky      0  1  1  -1  0   2  1  0  0/0   15 
Andrew Ebbett            0  0  0   0  0   0  0  0  0/0   0  
Bobby Ryan               0  1  1  -2  0   1  4  0  11/24 20 
Brian Gionta             1  1  2   0  0   7  1  0  2/2   23 
Colin White              0  1  1  -1  0   1  0  3  0/0   18 
Joel Ward                0  0  0  -1  0   2  0  0  2/3   17 
Jon Sim                  0  0  0   0  0   0  0  0  0/0   1  
Joni Pitkanen            0  1  1   0  0   2  2  0  0/0   23 
Kristian Huselius        1  0  1  -2  0   4  0  0  0/4   20 
Michael Ryder            0  1  1   0  0   2  0  0  1/1   20 
Michal Rozsival          0  0  0  -2  0   2  2  1  0/0   22 
Mike Modano              0  0  0   0  0   0  0  0  1/3   3  
Milan Michalek           0  0  0  -2  2   4  1  1  0/2   20 
Radek Martinek           0  1  1  -2  0   0  0  1  0/0   20 
Ruslan Salei             0  0  0  -1  0   0  1  0  0/0   17 
Ryan Getzlaf             1  0  1   0  2   6  3  1  17/35 22 
Saku Koivu               1  0  1  -1  0   4  0  0  5/13  14 
Tom Gilbert              0  1  1   0  2   0  1  0  0/0   21 
Capitals
Player Name              G  A  P  +/- PIM S  H  SB FO    MP 
------------------------------------------------------------
Alexander Ovechkin       0  1  1  -1  4   6  3  0  1/2   22 
Alexander Semin          2  0  2   2  0   5  2  0  2/2   18 
Alexei Kovalev           0  1  1   0  0   1  0  0  0/0   9  
David Desharnais         0  1  1   2  0   0  0  0  16/30 20 
Douglas Murray           0  0  0   2  0   0  2  1  0/0   20 
Jeff Halpern             0  1  1   3  0   2  0  0  17/26 19 
Kimmo Timonen            0  0  0  -1  0   1  0  2  0/0   22 
Marc Methot              0  1  1   2  4   0  3  2  0/0   15 
Mathieu Perreault        0  0  0   0  0   0  0  0  0/0   0  
Matt Stajan              0  0  0  -2  2   0  0  1  11/25 18 
Mike Green               0  0  0  -1  0   1  1  2  0/0   20 
Ryan McDonagh            0  1  1   2  2   0  1  1  0/0   14 
Ryane Clowe              0  0  0  -1  2   5  2  0  1/2   18 
Steve Eminger            1  0  1   0  0   1  2  0  0/0   6  
Taylor Hall              1  0  1   2  0   2  0  0  0/0   16 
Tomas Fleischmann        0  1  1   2  0   1  0  1  0/0   15 
Trent Hunter             1  0  1   2  0   1  3  0  0/0   14 
Willie Mitchell          0  1  1   2  0   1  0  1  0/0   19 

3 Stars

1 - Alexander Semin (WSH)
2 - Trent Hunter (WSH)
3 - Brian Gionta (MIN)

Power Play

Wild - 2 on 7 Attempt(s) - 28.57%
Capitals - 0 on 3 Attempt(s) - 0.00%

Penalty Kill

Wild - 3 on 3 Attempt(s) - 100.00% - Score 0 goal in Penalty Kill
Capitals - 5 on 7 Attempt(s) - 71.43% - Score 0 goal in Penalty Kill

Game Notes

Pascal Leclaire enters game at 1:08 of 3rd period
James Reimer enters game at 4:33 of 3rd period

Finance

Level 1 -- Attendance: 4571 (70.32%) -- Ticket Income $457,100.00
Level 2 -- Attendance: 3515 (70.30%) -- Ticket Income $210,900.00
Level 3 -- Attendance: 2586 (73.89%) -- Ticket Income $90,510.00
Level 4 -- Attendance: 2672 (100.00%) -- Ticket Income $53,440.00
Luxury Box -- Attendance: 838 (83.80%) -- Ticket Income $167,600.00
Game was played at the Verizon Center
Total Attendance: 14182 (75.95%)
Total Ticket Income: $1,031,770.00
Other Income: $213,731.70
Total Income: $1,245,502.00


Play by Play

Period #1

0:01 of 1st period - Ryan Getzlaf wins face-off versus Matt Stajan in neutral zone.
0:24 of 1st period - Shot by Ryan Getzlaf.
0:24 of 1st period - Goal by Ryan Getzlaf - Wild : 1 - Capitals : 0.
0:25 of 1st period - David Desharnais wins face-off versus Bobby Ryan in neutral zone.
1:24 of 1st period - Shot by Taylor Hall.
1:24 of 1st period - Deflect By Jeff Halpern.
1:24 of 1st period - Shot Misses the Net.
1:26 of 1st period - Shot by Taylor Hall.
1:26 of 1st period - Deflect By Trent Hunter.
1:26 of 1st period - Shot Misses the Net.
1:28 of 1st period - Shot by Taylor Hall.
1:28 of 1st period - Shot Misses the Net.
1:32 of 1st period - Shot by Jeff Halpern.
1:32 of 1st period - Shot Misses the Net.
1:34 of 1st period - Shot by Trent Hunter.
1:34 of 1st period - Goal by Trent Hunter - Wild : 1 - Capitals : 1.
1:35 of 1st period - Ryan Getzlaf wins face-off versus Matt Stajan in neutral zone.
1:38 of 1st period - Shot by Michael Ryder.
1:38 of 1st period - Deflect By Brian Gionta.
1:38 of 1st period - Stopped by Jimmy Howard with a rebound.
1:42 of 1st period - Shot by Ryan Getzlaf.
1:42 of 1st period - Deflect By Brian Gionta.
1:42 of 1st period - Stopped by Jimmy Howard with a rebound.
1:44 of 1st period - Shot by Brian Gionta.
1:44 of 1st period - Stopped by Jimmy Howard without a rebound.
1:45 of 1st period - Saku Koivu wins face-off versus Matt Stajan in Capitals zone.
1:52 of 1st period - Shot by Alexei Ponikarovsky.
1:52 of 1st period - Shot Misses the Net.
1:56 of 1st period - Shot by Alexei Ponikarovsky.
1:56 of 1st period - Shot Misses the Net.
1:58 of 1st period - Shot by Alexei Ponikarovsky.
1:58 of 1st period - Stopped by Jimmy Howard without a rebound.
1:59 of 1st period - Ryan Getzlaf wins face-off versus Jeff Halpern in Capitals zone.
2:00 of 1st period - Shot by Brian Gionta.
2:00 of 1st period - Shot Blocked by Ryan McDonagh.
2:31 of 1st period - Icing by Joni Pitkanen.
2:32 of 1st period - Ryan Getzlaf wins face-off versus Matt Stajan in Wild zone.
2:32 of 1st period - Brian Gionta is hit by Alexander Ovechkin and loses puck.
2:47 of 1st period - Shot by Ryan Getzlaf.
2:47 of 1st period - Stopped by Jimmy Howard without a rebound.
2:48 of 1st period - David Desharnais wins face-off versus Saku Koivu in Capitals zone.
3:03 of 1st period - Icing by Tomas Fleischmann.
3:04 of 1st period - Bobby Ryan wins face-off versus David Desharnais in Capitals zone.
3:05 of 1st period - Shot by Kristian Huselius.
3:05 of 1st period - Deflect By Milan Michalek.
3:05 of 1st period - Stopped by Jimmy Howard without a rebound.
3:06 of 1st period - Matt Stajan wins face-off versus Bobby Ryan in Capitals zone.
3:45 of 1st period - Shot by Ryane Clowe.
3:45 of 1st period - Shot Misses the Net.
4:34 of 1st period - Icing by Joel Ward.
4:35 of 1st period - Saku Koivu wins face-off versus Jeff Halpern in Wild zone.
4:39 of 1st period - Radek Martinek is hit by Trent Hunter and loses puck.
4:57 of 1st period - Minor Penalty to Tom Gilbert for Slashing.
4:58 of 1st period - Ryan Getzlaf wins face-off versus Matt Stajan in Wild zone.
5:07 of 1st period - Shot by Ryan Getzlaf.
5:07 of 1st period - Shot Misses the Net.
5:25 of 1st period - Shot by Douglas Murray.
5:25 of 1st period - Shot Blocked by Michal Rozsival.
5:27 of 1st period - Shot by Willie Mitchell.
5:27 of 1st period - Stopped by Miikka Kiprusoff without a rebound.
5:28 of 1st period - Mike Modano wins face-off versus David Desharnais in Wild zone.
7:14 of 1st period - Shot by Taylor Hall.
7:14 of 1st period - Shot Blocked by Milan Michalek.
7:29 of 1st period - Icing by Kristian Huselius.
7:30 of 1st period - Jeff Halpern wins face-off versus Bobby Ryan in Wild zone.
7:33 of 1st period - Shot by Alexander Ovechkin.
7:33 of 1st period - Deflect By Alexei Kovalev.
7:33 of 1st period - Shot Misses the Net.
7:35 of 1st period - Shot by Alexander Ovechkin.
7:35 of 1st period - Stopped by Miikka Kiprusoff with a rebound.
7:37 of 1st period - Shot by Steve Eminger.
7:37 of 1st period - Goal by Steve Eminger - Wild : 1 - Capitals : 2.
7:38 of 1st period - Ryan Getzlaf wins face-off versus David Desharnais in neutral zone.
7:57 of 1st period - Shot by Ryan Getzlaf.
7:57 of 1st period - Shot Misses the Net.
7:59 of 1st period - Shot by Ryan Getzlaf.
7:59 of 1st period - Shot Misses the Net.
8:01 of 1st period - Shot by Brian Gionta.
8:01 of 1st period - Shot Misses the Net.
8:03 of 1st period - Shot by Brian Gionta.
8:03 of 1st period - Shot Misses the Net.
8:05 of 1st period - Shot by Brian Gionta.
8:05 of 1st period - Stopped by Jimmy Howard without a rebound.
8:06 of 1st period - Jeff Halpern wins face-off versus Saku Koivu in Capitals zone.
8:17 of 1st period - Shot by Saku Koivu.
8:17 of 1st period - Stopped by Jimmy Howard with a rebound.
8:46 of 1st period - Minor Penalty to Matt Stajan for Holding.
8:47 of 1st period - Alexander Semin wins face-off versus Ryan Getzlaf in Capitals zone.
8:58 of 1st period - Shot by Joni Pitkanen.
8:58 of 1st period - Stopped by Jimmy Howard with a rebound.
9:05 of 1st period - Icing by Brian Gionta.
9:06 of 1st period - Jeff Halpern wins face-off versus Ryan Getzlaf in Wild zone.
9:15 of 1st period - Brian Gionta is hit by Alexander Ovechkin and loses puck.
9:22 of 1st period - Shot by Ryan Getzlaf.
9:22 of 1st period - Stopped by Jimmy Howard without a rebound.
9:23 of 1st period - David Desharnais wins face-off versus Bobby Ryan in Capitals zone.
9:38 of 1st period - Douglas Murray is hit by Bobby Ryan.
9:42 of 1st period - David Desharnais is hit by Bobby Ryan and loses puck.
9:52 of 1st period - Icing by Michal Rozsival.
9:53 of 1st period - Jeff Halpern wins face-off versus Bobby Ryan in Wild zone.
10:20 of 1st period - Shot by Brian Gionta.
10:20 of 1st period - Stopped by Jimmy Howard without a rebound.
10:21 of 1st period - Ryan Getzlaf wins face-off versus Jeff Halpern in Capitals zone.
10:40 of 1st period - Shot by Michael Ryder.
10:40 of 1st period - Shot Blocked by Mike Green.
10:42 of 1st period - Shot by Tom Gilbert.
10:42 of 1st period - Deflect By Brian Gionta.
10:42 of 1st period - Goal by Brian Gionta - Wild : 2 - Capitals : 2.
10:43 of 1st period - David Desharnais wins face-off versus Saku Koivu in neutral zone.
11:04 of 1st period - Off-side.
11:05 of 1st period - Matt Stajan wins face-off versus Bobby Ryan in neutral zone.
11:11 of 1st period - Minor Penalty to Alexander Ovechkin for Tripping.
11:12 of 1st period - Ryan Getzlaf wins face-off versus David Desharnais in Capitals zone.
11:55 of 1st period - Willie Mitchell is hit by Milan Michalek and loses puck.
12:06 of 1st period - Shot by Milan Michalek.
12:06 of 1st period - Stopped by Jimmy Howard without a rebound.
12:07 of 1st period - Jeff Halpern wins face-off versus Bobby Ryan in Capitals zone.
12:48 of 1st period - Mike Green is hit by Bobby Ryan.
13:33 of 1st period - Shot by Joni Pitkanen.
13:33 of 1st period - Shot Misses the Net.
13:35 of 1st period - Shot by Alexei Ponikarovsky.
13:35 of 1st period - Stopped by Jimmy Howard without a rebound.
13:36 of 1st period - Jeff Halpern wins face-off versus Ryan Getzlaf in Capitals zone.
13:36 of 1st period - Jeff Halpern is hit by Ryan Getzlaf.
13:39 of 1st period - Icing by Taylor Hall.
13:40 of 1st period - Ryan Getzlaf wins face-off versus Jeff Halpern in Capitals zone.
14:51 of 1st period - Shot by Tomas Fleischmann.
14:51 of 1st period - Shot Misses the Net.
15:31 of 1st period - Shot by Ryane Clowe.
15:31 of 1st period - Shot Misses the Net.
15:35 of 1st period - Shot by Ryane Clowe.
15:35 of 1st period - Shot Misses the Net.
15:37 of 1st period - Shot by Alexander Ovechkin.
15:37 of 1st period - Stopped by Miikka Kiprusoff without a rebound.
15:38 of 1st period - Jeff Halpern wins face-off versus Bobby Ryan in Wild zone.
17:08 of 1st period - Shot by Joel Ward.
17:08 of 1st period - Shot Misses the Net.
17:10 of 1st period - Shot by Joel Ward.
17:10 of 1st period - Shot Blocked by Marc Methot.
17:12 of 1st period - Shot by Colin White.
17:12 of 1st period - Stopped by Jimmy Howard without a rebound.
17:13 of 1st period - Matt Stajan wins face-off versus Bobby Ryan in Capitals zone.
17:23 of 1st period - Icing by Michal Rozsival.
17:24 of 1st period - Bobby Ryan wins face-off versus David Desharnais in Wild zone.
17:24 of 1st period - Bobby Ryan is hit by Alexander Semin.
17:29 of 1st period - Off-side.
17:30 of 1st period - Matt Stajan wins face-off versus Saku Koivu in neutral zone.
18:38 of 1st period - Shot by Brian Gionta.
18:38 of 1st period - Shot Blocked by Willie Mitchell.
18:40 of 1st period - Shot by Tom Gilbert.
18:40 of 1st period - Shot Blocked by Tomas Fleischmann.
18:42 of 1st period - Shot by Michael Ryder.
18:42 of 1st period - Stopped by Jimmy Howard without a rebound.
18:43 of 1st period - Bobby Ryan wins face-off versus Matt Stajan in Capitals zone.
18:56 of 1st period - Alexander Ovechkin is hit by Bobby Ryan and loses puck.
19:01 of 1st period - Shot by Bobby Ryan.
19:01 of 1st period - Shot Blocked by Matt Stajan.
19:03 of 1st period - Shot by Milan Michalek.
19:03 of 1st period - Stopped by Jimmy Howard without a rebound.
19:04 of 1st period - Brian Gionta wins face-off versus David Desharnais in Capitals zone.
19:25 of 1st period - Shot by Tomas Fleischmann.
19:25 of 1st period - Stopped by Miikka Kiprusoff without a rebound.
19:26 of 1st period - Matt Stajan wins face-off versus Kristian Huselius in Wild zone.
19:49 of 1st period - Shot by Milan Michalek.
19:49 of 1st period - Stopped by Jimmy Howard without a rebound.
19:50 of 1st period - Ryan Getzlaf wins face-off versus David Desharnais in Capitals zone.
19:58 of 1st period - Ryan Getzlaf is hit by Douglas Murray and loses puck.

Period #2

0:01 of 2nd period - Matt Stajan wins face-off versus Ryan Getzlaf in neutral zone.
0:10 of 2nd period - Alexander Ovechkin is hit by Tom Gilbert.
0:12 of 2nd period - Shot by Ryane Clowe.
0:12 of 2nd period - Stopped by Miikka Kiprusoff without a rebound.
0:13 of 2nd period - David Desharnais wins face-off versus Kristian Huselius in Wild zone.
0:13 of 2nd period - David Desharnais is hit by Michal Rozsival.
0:22 of 2nd period - Minor Penalty to Milan Michalek for Slashing.
0:23 of 2nd period - Ryan Getzlaf wins face-off versus Matt Stajan in Wild zone.
0:44 of 2nd period - Shot by Ryane Clowe.
0:44 of 2nd period - Stopped by Miikka Kiprusoff with a rebound.
0:46 of 2nd period - Shot by Ryane Clowe.
0:46 of 2nd period - Stopped by Miikka Kiprusoff without a rebound.
0:47 of 2nd period - David Desharnais wins face-off versus Ryan Getzlaf in Wild zone.
1:04 of 2nd period - Shot by Alexander Semin.
1:04 of 2nd period - Stopped by Miikka Kiprusoff without a rebound.
1:05 of 2nd period - Matt Stajan wins face-off versus Mike Modano in Wild zone.
1:08 of 2nd period - Shot by Ryane Clowe.
1:08 of 2nd period - Stopped by Miikka Kiprusoff with a rebound.
1:12 of 2nd period - Shot by Douglas Murray.
1:12 of 2nd period - Shot Misses the Net.
1:15 of 2nd period - Alexei Kovalev is hit by Ruslan Salei and loses puck.
1:22 of 2nd period - Shot by Ryane Clowe.
1:22 of 2nd period - Stopped by Miikka Kiprusoff without a rebound.
1:23 of 2nd period - David Desharnais wins face-off versus Ryan Getzlaf in Wild zone.
1:33 of 2nd period - Icing by Tomas Fleischmann.
1:34 of 2nd period - Ryan Getzlaf wins face-off versus David Desharnais in Capitals zone.
1:42 of 2nd period - Icing by David Desharnais.
1:43 of 2nd period - David Desharnais wins face-off versus Mike Modano in Capitals zone.
2:00 of 2nd period - Shot by Mike Green.
2:00 of 2nd period - Stopped by Miikka Kiprusoff with a rebound.
2:32 of 2nd period - Tom Gilbert is hit by Trent Hunter and loses puck.
2:44 of 2nd period - Minor Penalty to Marc Methot for Slashing.
2:45 of 2nd period - Ryane Clowe wins face-off versus Milan Michalek in Capitals zone.
2:58 of 2nd period - Milan Michalek is hit by Ryane Clowe and loses puck.
3:08 of 2nd period - Off-side.
3:09 of 2nd period - Jeff Halpern wins face-off versus Ryan Getzlaf in neutral zone.
3:14 of 2nd period - Icing by Tom Gilbert.
3:15 of 2nd period - Jeff Halpern wins face-off versus Ryan Getzlaf in Wild zone.
3:30 of 2nd period - Shot by Tom Gilbert.
3:30 of 2nd period - Shot Blocked by Mike Green.
3:32 of 2nd period - Shot by Tom Gilbert.
3:32 of 2nd period - Shot Misses the Net.
3:34 of 2nd period - Shot by Brian Gionta.
3:34 of 2nd period - Shot Misses the Net.
4:14 of 2nd period - Shot by Michal Rozsival.
4:14 of 2nd period - Stopped by Jimmy Howard with a rebound.
4:39 of 2nd period - Icing by Michal Rozsival.
4:40 of 2nd period - David Desharnais wins face-off versus Kristian Huselius in Wild zone.
4:40 of 2nd period - David Desharnais is hit by Michal Rozsival.
5:00 of 2nd period - Shot by Taylor Hall.
5:00 of 2nd period - Shot Misses the Net.
5:05 of 2nd period - Joni Pitkanen is hit by Marc Methot and loses puck.
5:11 of 2nd period - Alexei Ponikarovsky is hit by Marc Methot and loses puck.
6:12 of 2nd period - Alexander Ovechkin is hit by Brian Gionta and loses puck.
6:30 of 2nd period - Icing by Kimmo Timonen.
6:31 of 2nd period - Matt Stajan wins face-off versus Kristian Huselius in Capitals zone.
7:38 of 2nd period - Minor Penalty to Alexander Ovechkin for Hooking.
7:39 of 2nd period - Ryan Getzlaf wins face-off versus Ryane Clowe in Capitals zone.
7:53 of 2nd period - Icing by Tom Gilbert.
7:54 of 2nd period - Jeff Halpern wins face-off versus Ryan Getzlaf in Wild zone.
7:57 of 2nd period - Shot by Ryane Clowe.
7:57 of 2nd period - Shot Blocked by Ryan Getzlaf.
8:01 of 2nd period - Shot by Ryane Clowe.
8:01 of 2nd period - Shot Misses the Net.
8:03 of 2nd period - Shot by Mike Green.
8:03 of 2nd period - Shot Blocked by Colin White.
8:07 of 2nd period - Shot by Mike Green.
8:07 of 2nd period - Shot Misses the Net.
8:09 of 2nd period - Shot by Jeff Halpern.
8:09 of 2nd period - Shot Blocked by Colin White.
8:11 of 2nd period - Shot by Kimmo Timonen.
8:11 of 2nd period - Stopped by Miikka Kiprusoff with a rebound.
9:45 of 2nd period - Shot by David Desharnais.
9:45 of 2nd period - Deflect By Alexander Ovechkin.
9:45 of 2nd period - Stopped by Miikka Kiprusoff without a rebound.
9:46 of 2nd period - Joel Ward wins face-off versus Matt Stajan in Wild zone.
10:01 of 2nd period - Shot by Saku Koivu.
10:01 of 2nd period - Goal by Saku Koivu - Wild : 3 - Capitals : 2.
10:02 of 2nd period - Brian Gionta wins face-off versus Jeff Halpern in neutral zone.
10:22 of 2nd period - Shot by Taylor Hall.
10:22 of 2nd period - Deflect By Jeff Halpern.
10:22 of 2nd period - Shot Misses the Net.
10:26 of 2nd period - Shot by Jeff Halpern.
10:26 of 2nd period - Stopped by Miikka Kiprusoff without a rebound.
10:27 of 2nd period - Joel Ward wins face-off versus David Desharnais in Wild zone.
11:00 of 2nd period - Shot by David Desharnais.
11:00 of 2nd period - Shot Misses the Net.
11:18 of 2nd period - Off-side.
11:19 of 2nd period - Bobby Ryan wins face-off versus Matt Stajan in neutral zone.
11:44 of 2nd period - Shot by Alexander Ovechkin.
11:44 of 2nd period - Shot Misses the Net.
12:11 of 2nd period - Ryane Clowe is hit by Joni Pitkanen and loses puck.
12:24 of 2nd period - Shot by Ryan Getzlaf.
12:24 of 2nd period - Deflect By Michael Ryder.
12:24 of 2nd period - Shot Misses the Net.
12:45 of 2nd period - Marc Methot is hit by Joni Pitkanen.
12:47 of 2nd period - Shot by Taylor Hall.
12:47 of 2nd period - Shot Misses the Net.
13:31 of 2nd period - Shot by Joel Ward.
13:31 of 2nd period - Stopped by Jimmy Howard without a rebound.
13:32 of 2nd period - Bobby Ryan wins face-off versus Matt Stajan in Capitals zone.
13:36 of 2nd period - Bobby Ryan is hit by Steve Eminger and loses puck.
14:14 of 2nd period - Joel Ward is hit by Alexander Ovechkin and loses puck.
14:30 of 2nd period - Shot by Saku Koivu.
14:30 of 2nd period - Stopped by Jimmy Howard without a rebound.
14:31 of 2nd period - Jeff Halpern wins face-off versus Ryan Getzlaf in Capitals zone.
14:31 of 2nd period - Jeff Halpern is hit by Ryan Getzlaf.
15:58 of 2nd period - Shot by Alexander Semin.
15:58 of 2nd period - Stopped by Miikka Kiprusoff with a rebound.
16:00 of 2nd period - Shot by Alexander Semin.
16:00 of 2nd period - Shot Blocked by Radek Martinek.
17:08 of 2nd period - Shot by Milan Michalek.
17:08 of 2nd period - Shot Misses the Net.
17:41 of 2nd period - Shot by Joni Pitkanen.
17:41 of 2nd period - Shot Blocked by Kimmo Timonen.
18:22 of 2nd period - Michal Rozsival is hit by Trent Hunter and loses puck.
18:54 of 2nd period - Shot by Alexander Semin.
18:54 of 2nd period - Stopped by Miikka Kiprusoff without a rebound.
18:55 of 2nd period - David Desharnais wins face-off versus Joel Ward in Wild zone.
18:56 of 2nd period - Shot by Alexander Semin.
18:56 of 2nd period - Goal by Alexander Semin - Wild : 3 - Capitals : 3.
18:57 of 2nd period - David Desharnais wins face-off versus Saku Koivu in neutral zone.

Period #3

0:01 of 3rd period - Ryan Getzlaf wins face-off versus Alexander Ovechkin in neutral zone.
1:08 of 3rd period - Shot by Alexander Semin.
1:08 of 3rd period - Goal by Alexander Semin - Wild : 3 - Capitals : 4.
1:08 of 3rd period - Pascal Leclaire enters game.
1:09 of 3rd period - Bobby Ryan wins face-off versus Jeff Halpern in neutral zone.
1:21 of 3rd period - Bobby Ryan is hit by Ryan McDonagh and loses puck.
1:27 of 3rd period - Icing by Ryan McDonagh.
1:28 of 3rd period - Jeff Halpern wins face-off versus Saku Koivu in Capitals zone.
1:35 of 3rd period - Shot by Saku Koivu.
1:35 of 3rd period - Shot Misses the Net.
1:39 of 3rd period - Shot by Joel Ward.
1:39 of 3rd period - Shot Misses the Net.
1:40 of 3rd period - Minor Penalty to Marc Methot for Holding.
1:41 of 3rd period - Bobby Ryan wins face-off versus David Desharnais in Capitals zone.
2:42 of 3rd period - Minor Penalty to Ryane Clowe for Hooking.
2:43 of 3rd period - David Desharnais wins face-off versus Ryan Getzlaf in Capitals zone.
3:07 of 3rd period - Shot by Ryan Getzlaf.
3:07 of 3rd period - Stopped by Jimmy Howard with a rebound.
3:09 of 3rd period - Shot by Tom Gilbert.
3:09 of 3rd period - Shot Misses the Net.
3:30 of 3rd period - Icing by Michal Rozsival.
3:31 of 3rd period - Jeff Halpern wins face-off versus Milan Michalek in Wild zone.
4:17 of 3rd period - Shot by Tom Gilbert.
4:17 of 3rd period - Shot Blocked by Douglas Murray.
4:33 of 3rd period - Shot by Kristian Huselius.
4:33 of 3rd period - Goal by Kristian Huselius - Wild : 4 - Capitals : 4.
4:33 of 3rd period - James Reimer enters game.
4:34 of 3rd period - Jeff Halpern wins face-off versus Saku Koivu in neutral zone.
4:57 of 3rd period - Shot by Jeff Halpern.
4:57 of 3rd period - Shot Misses the Net.
4:59 of 3rd period - Shot by Jeff Halpern.
4:59 of 3rd period - Shot Misses the Net.
5:03 of 3rd period - Shot by Jeff Halpern.
5:03 of 3rd period - Stopped by Pascal Leclaire without a rebound.
5:04 of 3rd period - Matt Stajan wins face-off versus Bobby Ryan in Wild zone.
5:17 of 3rd period - Shot by Alexander Ovechkin.
5:17 of 3rd period - Shot Misses the Net.
5:21 of 3rd period - Shot by Alexander Ovechkin.
5:21 of 3rd period - Shot Misses the Net.
5:23 of 3rd period - Shot by Alexander Ovechkin.
5:23 of 3rd period - Stopped by Pascal Leclaire without a rebound.
5:24 of 3rd period - Saku Koivu wins face-off versus David Desharnais in Wild zone.
5:52 of 3rd period - Shot by Tomas Fleischmann.
5:52 of 3rd period - Shot Blocked by Colin White.
6:26 of 3rd period - Shot by Ryan Getzlaf.
6:26 of 3rd period - Stopped by James Reimer without a rebound.
6:27 of 3rd period - Ryan Getzlaf wins face-off versus Jeff Halpern in Capitals zone.
6:43 of 3rd period - Shot by Brian Gionta.
6:43 of 3rd period - Shot Blocked by Marc Methot.
6:45 of 3rd period - Shot by Michael Ryder.
6:45 of 3rd period - Stopped by James Reimer with a rebound.
6:47 of 3rd period - Shot by Brian Gionta.
6:47 of 3rd period - Stopped by James Reimer without a rebound.
6:48 of 3rd period - Bobby Ryan wins face-off versus Matt Stajan in Capitals zone.
6:52 of 3rd period - Icing by Steve Eminger.
6:53 of 3rd period - Matt Stajan wins face-off versus Bobby Ryan in Capitals zone.
8:05 of 3rd period - Brian Gionta is hit by Marc Methot and loses puck.
8:13 of 3rd period - Minor Penalty to Ryan McDonagh for High sticking.
8:14 of 3rd period - Bobby Ryan wins face-off versus David Desharnais in Capitals zone.
8:59 of 3rd period - Shot by Tom Gilbert.
8:59 of 3rd period - Shot Hit the Post.
9:01 of 3rd period - Shot by Joni Pitkanen.
9:01 of 3rd period - Stopped by James Reimer without a rebound.
9:02 of 3rd period - David Desharnais wins face-off versus Ryan Getzlaf in Capitals zone.
10:01 of 3rd period - Shot by Kristian Huselius.
10:01 of 3rd period - Stopped by James Reimer without a rebound.
10:02 of 3rd period - David Desharnais wins face-off versus Ryan Getzlaf in Capitals zone.
11:13 of 3rd period - Shot by Alexei Kovalev.
11:13 of 3rd period - Stopped by Pascal Leclaire without a rebound.
11:14 of 3rd period - Ryan Getzlaf wins face-off versus David Desharnais in Wild zone.
11:14 of 3rd period - Ryan Getzlaf is hit by Alexander Semin.
11:17 of 3rd period - Icing by Joni Pitkanen.
11:18 of 3rd period - David Desharnais wins face-off versus Ryan Getzlaf in Wild zone.
11:29 of 3rd period - Willie Mitchell is hit by Ryan Getzlaf and loses puck.
11:34 of 3rd period - Shot by Ryan Getzlaf.
11:34 of 3rd period - Stopped by James Reimer without a rebound.
11:35 of 3rd period - Bobby Ryan wins face-off versus Matt Stajan in Capitals zone.
11:35 of 3rd period - Michal Rozsival is hit by Mike Green.
11:39 of 3rd period - Shot by Kristian Huselius.
11:39 of 3rd period - Shot Misses the Net.
11:52 of 3rd period - Icing by Michal Rozsival.
11:53 of 3rd period - Bobby Ryan wins face-off versus David Desharnais in Wild zone.
12:35 of 3rd period - Minor Penalty to Ryan Getzlaf for Holding.
12:36 of 3rd period - Michael Ryder wins face-off versus Matt Stajan in Wild zone.
12:36 of 3rd period - Michael Ryder is hit by Ryane Clowe.
14:36 of 3rd period - Shot by Kristian Huselius.
14:36 of 3rd period - Stopped by James Reimer without a rebound.
14:37 of 3rd period - Jeff Halpern wins face-off versus Ryan Getzlaf in Capitals zone.
14:59 of 3rd period - Icing by Michael Ryder.
15:00 of 3rd period - Jeff Halpern wins face-off versus Ryan Getzlaf in Wild zone.
15:01 of 3rd period - Shot by Taylor Hall.
15:01 of 3rd period - Stopped by Pascal Leclaire without a rebound.
15:02 of 3rd period - David Desharnais wins face-off versus Bobby Ryan in Wild zone.
15:35 of 3rd period - Shot by Kristian Huselius.
15:35 of 3rd period - Stopped by James Reimer with a rebound.
15:39 of 3rd period - Shot by Bobby Ryan.
15:39 of 3rd period - Stopped by James Reimer without a rebound.
15:40 of 3rd period - Saku Koivu wins face-off versus Jeff Halpern in Capitals zone.
16:09 of 3rd period - Shot by Joel Ward.
16:09 of 3rd period - Stopped by James Reimer without a rebound.
16:10 of 3rd period - Ryan Getzlaf wins face-off versus Matt Stajan in Capitals zone.
16:10 of 3rd period - Ryan Getzlaf is hit by Steve Eminger.
17:34 of 3rd period - Kristian Huselius is hit by Douglas Murray and loses puck.
17:41 of 3rd period - Shot by Bobby Ryan.
17:41 of 3rd period - Shot Misses the Net.
17:43 of 3rd period - Shot by Michal Rozsival.
17:43 of 3rd period - Stopped by James Reimer without a rebound.
17:44 of 3rd period - Saku Koivu wins face-off versus Jeff Halpern in Capitals zone.
17:53 of 3rd period - Shot by Saku Koivu.
17:53 of 3rd period - Stopped by James Reimer without a rebound.
17:54 of 3rd period - Alexander Ovechkin wins face-off versus Bobby Ryan in Capitals zone.
17:59 of 3rd period - Shot by Michal Rozsival.
17:59 of 3rd period - Shot Blocked by Kimmo Timonen.
18:18 of 3rd period - Shot by Alexander Ovechkin.
18:18 of 3rd period - Stopped by Pascal Leclaire without a rebound.
18:19 of 3rd period - Jeff Halpern wins face-off versus Saku Koivu in Wild zone.
18:36 of 3rd period - Taylor Hall is hit by Alexei Ponikarovsky and loses puck.
18:47 of 3rd period - Shot by Taylor Hall.
18:47 of 3rd period - Shot Misses the Net.
18:53 of 3rd period - Shot by Taylor Hall.
18:53 of 3rd period - Goal by Taylor Hall - Wild : 4 - Capitals : 5.
18:54 of 3rd period - Matt Stajan wins face-off versus Ryan Getzlaf in neutral zone.
19:25 of 3rd period - Shot by Alexander Ovechkin.
19:25 of 3rd period - Stopped by Pascal Leclaire without a rebound.
19:26 of 3rd period - Alexander Semin wins face-off versus Ryan Getzlaf in Wild zone.
19:47 of 3rd period - Wild, Pascal Leclaire is pulled from the net.


Output by the SimonT Hockey Simulator (STHS) for Stephane Roy -- Original Page W3C XHTML 1.0 Valid